 Dungeon Crawl Stone Soup version 0.23.1-37-gaa34b87b72 (webtiles) character file.

Game seed: 196295880554090892

154 Elpenore the Sneak (level 5, 0/28 HPs)
             Began as a Kobold Enchanter on Mar 25, 2019.
             Killed from afar by Natasha (6 damage)
             ... with a magic dart
             ... on level 3 of the Dungeon.
             The game lasted 00:38:18 (2573 turns).

Elpenore the Sneak (Kobold Enchanter)               Turns: 2573, Time: 00:38:19

Health: 0/28       AC:  2    Str:  5    XL:     5   Next: 63%
Magic:  4/9        EV: 16    Int: 16    God:
Gold:   124        SH:  0    Dex: 17    Spells: 6/9 levels left

rFire    . . .     SeeInvis +   a - +1 dagger
rCold    . . .     Gourm    .   (shield restricted)
rNeg     . . .     Faith    .   b - +0 robe
rPois    .         Spirit   .   (no helmet)
rElec    .         Reflect  .   (no cloak)
rCorr    .         Harm     .   (no gloves)
MR       .....                  (no boots)
Stlth    +++.......             (no amulet)
HPRegen  0.09/turn              c - ring of see invisible
MPRegen  0.11/turn              (no ring)

@: very slightly contaminated
A: small, carnivore
a: no special abilities


You were on level 3 of the Dungeon.
You were completely stuffed.

You visited 1 branch of the dungeon, and saw 3 of its levels.

You collected 124 gold pieces.

Inventory:

Hand Weapons
 a - a +1 dagger (weapon)
Missiles
 f - 78 bolts
Armour
 b - a +0 robe (worn)
 q - a +0 leather armour
Jewellery
 c - a ring of see invisible (left hand)
 o - an uncursed amulet of faith
Scrolls
 e - a scroll of identify
 g - a scroll of fog {unknown}
 i - 2 scrolls of amnesia {unknown}
 m - a scroll of blinking {unknown}
 n - a scroll of teleportation {unknown}
 p - a scroll of enchant weapon {unknown}
Potions
 h - a potion of heal wounds {unknown}
 j - 2 potions of curing
 k - a potion of cancellation {unknown}
 l - a potion of berserk rage {unknown}
 r - a potion of flight {unknown}
Comestibles
 d - 3 rations
 s - 7 chunks of flesh


   Skills:
 + Level 2.9 Short Blades
 + Level 3.5 Dodging
 + Level 5.0 Stealth
 + Level 2.9 Spellcasting
 + Level 3.7 Hexes
 + Level 1.3 Ice Magic


You had 6 spell levels left.
You knew the following spells:

 Your Spells              Type           Power        Failure   Level  Hunger
a - Corona                Hex            ##.....      4%          1    #......
b - Ensorcelled Hibernat  Hex/Ice        ##....       10%         2    ##.....

Your spell library contained the following spells:

 Spells                   Type           Power        Failure   Level  Hunger
 Confuse                  Hex            ##......     12%         3    ###....
 Tukima's Dance           Hex            ##......     12%         3    ###....
 Beastly Appendage        Tmut           #.....       19%         1    #......
 Dazzling Spray           Conj/Hex       #.....       26%         3    ###....
 Sticks to Snakes         Tmut           #.......     28%         2    ##.....
 Spider Form              Tmut/Pois      #.........   50%         3    ###....
 Ice Form                 Ice/Tmut       #.......     82%         4    #####..
 Blade Hands              Tmut           #.........   99%         5    ######.


Dungeon Overview and Level Annotations

Branches:
Dungeon (3/15)

Altars:
Kikubaaqudgha
Vehumet

Annotations:
D:3 Natasha


Innate Abilities, Weirdness & Mutations

You are small and have problems with some larger weapons.
You are carnivorous and can eat meat at any time.


Message History

Natasha is heavily wounded.
The crimson imp sputters.
The crimson imp barely misses you. Natasha claws you.
* * * LOW HITPOINT WARNING * * *
It was a potion of curing.
You feel better. The crimson imp hits you.
* * * LOW HITPOINT WARNING * * *
Natasha casts a spell at you. You resist with some effort.
You hit Natasha.
Natasha is severely wounded.
The crimson imp barely misses you. Natasha misses you.
You hit Natasha.
Natasha is almost dead.
The crimson imp hits you.
* * * LOW HITPOINT WARNING * * *
Natasha misses you.
The crimson imp blinks!
Natasha stares at you and mumbles some strange words.
The magic dart hits you.
You die...

##........###.####.##.####
. .........................
..
#..?.....#.#.......#.###.
... #........#.#####...#.#
#. ..#........#.# #.[.#.#
#.
.......$##.#####.###.###.
#.†.#.h§......... ......
##)###....#####.. ..# #.
#..#...#..@#######.#####.#.
#.?.._......)......# #...
#.=#...#..########## ....
...###.###.# .... ....
#...#..# ...# ... ........#
.. .. ....g.#..# .
###..g.#.## .... ..


You could see Natasha.

Vanquished Creatures
  An orc priest (D:3)
  Natasha (D:3)
  An orc wizard (D:3)
  An adder (D:2)
  2 oozes (D:2)
  An adder skeleton (D:2)
  A worm (D:3)
  A dart slug (D:2)
  4 orcs (D:3)
  2 bats
  4 giant cockroaches
  8 goblins
  4 hobgoblins
  6 kobolds
  A quokka (D:2)
  7 frilled lizards
  A giant cockroach zombie (D:2)
  A quokka skeleton (D:2)
  3 rats
50 creatures vanquished.

Notes
Turn   | Place    | Note
-------+----------+-------------------------------------------
     0 | D:1      | Elpenore the Kobold Enchanter began the quest for the Orb.
     0 | D:1      | Reached XP level 1. HP: 10/10 MP: 3/3
   183 | D:1      | Reached XP level 2. HP: 14/15 MP: 5/5
   214 | D:1      | HP: 1/15 [giant cockroach (1)]
   484 | D:1      | Learned a level 2 spell: Ensorcelled Hibernation
  1090 | D:1      | Reached skill level 2 in Short Blades
  1090 | D:1      | Reached XP level 3. HP: 19/19 MP: 3/6
  1554 | D:2      | Reached skill level 3 in Dodging
  1665 | D:2      | Reached XP level 4. HP: 24/24 MP: 7/7
  1857 | D:2      | Found an ancient bone altar of Kikubaaqudgha.
  2095 | D:3      | Reached skill level 1 in Ice Magic
  2381 | D:3      | Noticed Natasha
  2387 | D:3      | Found a radiant altar of Vehumet.
  2393 | D:3      | Reached XP level 5. HP: 28/28 MP: 7/9
  2406 | D:3      | Killed Natasha
  2406 | D:3      | Reached skill level 5 in Stealth
  2412 | D:3      | Noticed Natasha
  2573 | D:3      | Killed from afar by Natasha

Skill      XL: |  1  2  3  4  5 |
---------------+----------------+-----
Short Blades   | 2 |  2.9
Dodging        | 3 |  3.5
Ice Magic      | 1 |  1.3
Stealth        | 5 |  5.0
Spellcasting   | |  2.9
Hexes          | |  3.7

Action                   |  1- 3 |  4- 6 || total
-------------------------+-------+-------++-------
Melee: Dagger            |   111 |    70 ||   181
 Cast: Ensorcelled Hiber |     7 |    18 ||    25
       Corona            |     2 |       ||     2
  Use: Scroll            |       |     1 ||     1
       Potion            |       |     1 ||     1
 Stab: Sleeping          |     9 |    13 ||    22
       Distracted        |     1 |       ||     1
  Eat: Chunk             |     5 |    10 ||    15
Armor: Robe              |    25 |     1 ||    26
Dodge: Dodged            |    76 |    39 ||   115
